NYP
EVERETT AQUASOX @ TRI-CITY VALLEYCATS
08/18/2049
 
TOP OF THE 1ST
Everett AquaSox batting - Pitching for Tri-City ValleyCats : RHP Tony Barrios
Pitching: RHP Tony Barrios
Batting: RHB John Vasquez 0-0: Ground out 4-3 (Groundball, 4, EV 81.9 MPH)
Batting: RHB Tomokazu Sugimoto 0-0: Called Strike
0-1: Ball
1-1: Foul Ball, location: 2F
1-2: Ball
2-2: Strikes out looking
Batting: RHB Ivan Davila 0-0: Ball
1-0: Ball
2-0: Ball
3-0: Base on Balls
Batting: RHB Antonio Oyola 0-0: Ball
1-0: Foul Ball, location: 2F
1-1: Ball
2-1: Swinging Strike
2-2: Ball
3-2: TRIPLE (Flyball, 78XD, EV 95.0 MPH)
Ivan Davila scores
Batting: SHB Tony Morales 0-0: Fly out, F8 (Flyball, 8RM, EV 91.2 MPH)
Top of the 1st over - 1 run, 1 hit, 0 errors, 1 left on base; Everett 1 - Tri-City 0
BOTTOM OF THE 1ST
Tri-City ValleyCats batting - Pitching for Everett AquaSox : LHP Chan-u Lee
Pitching: LHP Chan-u Lee
Batting: RHB Patrick Pinault 0-0: Ball
1-0: Ball
2-0: Called Strike
2-1: SINGLE (Groundball, 34D, EV 81.9 MPH) (infield hit)
Batting: RHB Jason Monico 0-0: Called Strike
0-1: Ball
1-1: Fielders Choice at 2nd, 5-4 (Groundball, 56, EV 108.8 MPH)
Batting: RHB Josh Broome 0-0: Called Strike
0-1: Fielders Choice at 2nd, 4-6 (Groundball, 4, EV 92.5 MPH)
Batting: RHB Roger Pelley 0-0: Called Strike
0-1: Ball
1-1: Reached on error, E6 (Groundball, 6, EV 91.2 MPH)
Josh Broome to second
Batting: LHB Lou Toth 0-0: Ball
1-0: Fly out, F8 (Flyball, 8RD, EV 94.4 MPH)
Bottom of the 1st over - 0 runs, 1 hit, 1 error, 2 left on base; Everett 1 - Tri-City 0
TOP OF THE 2ND
Everett AquaSox batting - Pitching for Tri-City ValleyCats : RHP Tony Barrios
Batting: RHB Jung-wan Aan 0-0: Ball
1-0: Called Strike
1-1: Ball
2-1: Swinging Strike
2-2: Strikes out swinging
Batting: SHB Raghnall Ahearne 0-0: Called Strike
0-1: Swinging Strike
0-2: Strikes out swinging
Batting: RHB Sal Cervantes 0-0: Ball
1-0: Foul Ball, location: 2F
1-1: Ball
2-1: Swinging Strike
2-2: Fly out, F7 (Flyball, 7, EV 90.0 MPH)
Top of the 2nd over - 0 runs, 0 hits, 0 errors, 0 left on base; Everett 1 - Tri-City 0
BOTTOM OF THE 2ND
Tri-City ValleyCats batting - Pitching for Everett AquaSox : LHP Chan-u Lee
Batting: RHB Keith Goodwin 0-0: Called Strike
0-1: Foul Ball, location: 2F
0-2: Strikes out looking
Batting: RHB John Moore 0-0: Called Strike
0-1: Ball
1-1: Foul Ball, location: 2F
1-2: Ball
2-2: Ball
3-2: Base on Balls
Batting: SHB Terciero Ortiz 0-0: Foul Ball, location: 2F
0-1: Foul Ball, location: 2F
0-2: Ball
1-2: Foul Ball, location: 2F
1-2: Strikes out swinging
Batting: LHB Lu-po-teh Zhou 0-0: Fly out, F8 (Flyball, 78M, EV 85.0 MPH)
Bottom of the 2nd over - 0 runs, 0 hits, 0 errors, 1 left on base; Everett 1 - Tri-City 0
TOP OF THE 3RD
Everett AquaSox batting - Pitching for Tri-City ValleyCats : RHP Tony Barrios
Batting: RHB Egidius Kruger 0-0: Ground out 5-3 (Groundball, 56S, EV 85.0 MPH)
Batting: RHB John Vasquez 0-0: Ball
1-0: Called Strike
1-1: Ball
2-1: Swinging Strike
2-2: Ball
3-2: Ground out 4-3 (Groundball, 4, EV 86.9 MPH)
Batting: RHB Tomokazu Sugimoto 0-0: Ball
1-0: Foul Ball, location: 2F
1-1: Ball
2-1: Ball
3-1: Foul Ball, location: 2F
3-2: Strikes out swinging
Top of the 3rd over - 0 runs, 0 hits, 0 errors, 0 left on base; Everett 1 - Tri-City 0
BOTTOM OF THE 3RD
Tri-City ValleyCats batting - Pitching for Everett AquaSox : LHP Chan-u Lee
Batting: RHB Patrick Pinault 0-0: Ball
1-0: Called Strike
1-1: Ball
2-1: Foul Ball, location: 2F
2-2: Foul Ball, location: 2F
2-2: Fly out, F7 (Flyball, 78S, EV 89.4 MPH)
Batting: RHB Jason Monico 0-0: Called Strike
0-1: Ball
1-1: Hit by Pitch
Batting: RHB Josh Broome 0-0: Called Strike
0-1: Ball
1-1: Foul Ball, location: 2F
1-2: Ball
2-2: Ball
Jason Monico steals 2nd base (no throw)
3-2: Strikes out swinging
Batting: RHB Roger Pelley 0-0: Ball
1-0: Ball
2-0: Called Strike
2-1: Ground out 6-3 (Groundball, 56, EV 106.9 MPH)
Bottom of the 3rd over - 0 runs, 0 hits, 0 errors, 1 left on base; Everett 1 - Tri-City 0
TOP OF THE 4TH
Everett AquaSox batting - Pitching for Tri-City ValleyCats : RHP Tony Barrios
Batting: RHB Ivan Davila 0-0: Called Strike
0-1: Ball
1-1: Ball
2-1: Ball
3-1: Foul Ball, location: 2F
3-2: Base on Balls
Batting: RHB Antonio Oyola 0-0: Ball
1-0: Foul Ball, location: 2F
1-1: Foul Ball, location: 2F
1-2: Fly out, F9 (Line Drive, 9D, EV 95.6 MPH)
Batting: SHB Tony Morales 0-0: Called Strike
0-1: Ball
1-1: Foul Ball, location: 2F
1-2: Fly out, F3 (Line Drive, 3, EV 70.0 MPH)
Lined into DP, U3 (Line Drive, 3, EV 73.1 MPH)
Top of the 4th over - 0 runs, 0 hits, 0 errors, 0 left on base; Everett 1 - Tri-City 0
BOTTOM OF THE 4TH
Tri-City ValleyCats batting - Pitching for Everett AquaSox : LHP Chan-u Lee
Batting: LHB Lou Toth 0-0: Foul Ball, location: 2F
0-1: Fly out, F9 (Flyball, 9S, EV 88.1 MPH)
Batting: RHB Keith Goodwin 0-0: Ball
1-0: Called Strike
1-1: Ball
2-1: Called Strike
2-2: Fly out, F7 (Flyball, 78M, EV 92.5 MPH)
Batting: RHB John Moore 0-0: Foul Ball, location: 2F
0-1: Ball
1-1: Ball
2-1: Called Strike
2-2: Foul Ball, location: 2F
2-2: Strikes out swinging
Bottom of the 4th over - 0 runs, 0 hits, 0 errors, 0 left on base; Everett 1 - Tri-City 0
TOP OF THE 5TH
Everett AquaSox batting - Pitching for Tri-City ValleyCats : RHP Tony Barrios
Batting: RHB Jung-wan Aan 0-0: Ball
1-0: Ground out U3 (Groundball, 34, EV 86.9 MPH)
Batting: SHB Raghnall Ahearne 0-0: Called Strike
0-1: Foul Ball, location: 2F
0-2: Ball
1-2: Ball
2-2: Ball
3-2: Strikes out swinging
Batting: RHB Sal Cervantes 0-0: Ball
1-0: Ball
2-0: Ball
3-0: Called Strike
3-1: Called Strike
3-2: Foul Ball, location: 2F
3-2: SINGLE (Flyball, 6D, EV 96.9 MPH)
Batting: RHB Egidius Kruger 0-0: Called Strike
0-1: Ball
1-1: Ground out 6-3 (Groundball, 6M, EV 108.8 MPH)
Top of the 5th over - 0 runs, 1 hit, 0 errors, 1 left on base; Everett 1 - Tri-City 0
BOTTOM OF THE 5TH
Tri-City ValleyCats batting - Pitching for Everett AquaSox : LHP Chan-u Lee
Batting: SHB Terciero Ortiz 0-0: Called Strike
0-1: Swinging Strike
0-2: Strikes out looking
Batting: LHB Lu-po-teh Zhou 0-0: Foul Ball, location: 2F
0-1: Called Strike
0-2: Strikes out swinging
Batting: RHB Patrick Pinault 0-0: Ball
1-0: Ground out 6-3 (Groundball, 6, EV 109.4 MPH)
Bottom of the 5th over - 0 runs, 0 hits, 0 errors, 0 left on base; Everett 1 - Tri-City 0
TOP OF THE 6TH
Everett AquaSox batting - Pitching for Tri-City ValleyCats : RHP Tony Barrios
Batting: RHB John Vasquez 0-0: Ball
1-0: Ball
2-0: Ground out 6-3 (Groundball, 6, EV 90.6 MPH)
Batting: RHB Tomokazu Sugimoto 0-0: Ball
1-0: Ball
2-0: Ball
3-0: Called Strike
3-1: Fly out, F8 (Flyball, 8LM, EV 91.2 MPH)
Pitching: RHP Jeremy Mash
Batting: RHB Ivan Davila 0-0: Called Strike
0-1: Ball
1-1: Swinging Strike
1-2: SINGLE (Groundball, 6D, EV 104.4 MPH)
Batting: RHB Antonio Oyola 0-0: Foul Ball, location: 2F
0-1: Ball
1-1: Foul Ball, location: 2F
1-2: Ball
2-2: Foul Ball, location: 2F
2-2: Ground out 4-3 (Groundball, 4S, EV 86.9 MPH)
Top of the 6th over - 0 runs, 1 hit, 0 errors, 1 left on base; Everett 1 - Tri-City 0
BOTTOM OF THE 6TH
Tri-City ValleyCats batting - Pitching for Everett AquaSox : LHP Chan-u Lee
Batting: RHB Jason Monico 0-0: Called Strike
0-1: Ground out 6-3 (Groundball, 6, EV 80.0 MPH)
Batting: RHB Josh Broome 0-0: Called Strike
0-1: Hit by Pitch
Batting: RHB Roger Pelley 0-0: Ball
1-0: Called Strike
1-1: Ball
2-1: Foul Ball, location: 2F
2-2: Ball
3-2: Strikes out looking
Batting: LHB Lou Toth 0-0: Foul Ball, location: 2F
0-1: Foul Ball, location: 2F
0-2: Ball
1-2: Foul Ball, location: 2F
1-2: Fly out, F7 (Flyball, 78M, EV 91.9 MPH)
Bottom of the 6th over - 0 runs, 0 hits, 0 errors, 1 left on base; Everett 1 - Tri-City 0
TOP OF THE 7TH
Everett AquaSox batting - Pitching for Tri-City ValleyCats : RHP Jeremy Mash
Batting: SHB Tony Morales 0-0: Ball
1-0: Called Strike
1-1: Fly out, F8 (Line Drive, 8RM, EV 95.0 MPH)
Batting: RHB Jung-wan Aan 0-0: Ball
1-0: Ball
2-0: Ball
3-0: Called Strike
3-1: Base on Balls
Batting: SHB Raghnall Ahearne 0-0: Called Strike
0-1: Ball
1-1: Fly out, F9 (Line Drive, 9, EV 91.2 MPH)
Batting: RHB Sal Cervantes 0-0: DOUBLE (Flyball, 78D, EV 88.8 MPH)
Jung-wan Aan to third
Batting: RHB Egidius Kruger 0-0: Ball
1-0: Ground out 6-3 (Groundball, 56, EV 106.2 MPH)
Top of the 7th over - 0 runs, 1 hit, 0 errors, 2 left on base; Everett 1 - Tri-City 0
BOTTOM OF THE 7TH
Tri-City ValleyCats batting - Pitching for Everett AquaSox : LHP Chan-u Lee
Pitching: RHP Raul Lopez
Batting: RHB Keith Goodwin 0-0: Fly out, F4 (Popup, 4MD, EV 65.0 MPH)
Batting: RHB John Moore 0-0: Ball
1-0: Foul Ball, location: 2F
1-1: Ball
2-1: Foul Ball, location: 2F
2-2: Strikes out swinging
Batting: SHB Terciero Ortiz 0-0: Ball
1-0: Ball
2-0: Swinging Strike
2-1: Fly out, F7 (Flyball, 7, EV 91.2 MPH)
Bottom of the 7th over - 0 runs, 0 hits, 0 errors, 0 left on base; Everett 1 - Tri-City 0
TOP OF THE 8TH
Everett AquaSox batting - Pitching for Tri-City ValleyCats : RHP Jeremy Mash
Batting: RHB John Vasquez 0-0: Called Strike
0-1: Ball
1-1: SINGLE (Groundball, 4, EV 102.5 MPH)
Batting: RHB Tomokazu Sugimoto 0-0: Bunted foul
0-1: Sac Bunt to 15 - play at first, batter OUT! 1-3
John Vasquez to second
Batting: RHB Ivan Davila 0-0: Called Strike
0-1: Fly out, F8 (Flyball, 8RS, EV 83.1 MPH)
Batting: RHB Antonio Oyola 0-0: Ball
John Vasquez is caught stealing 3rd base 2-5
Top of the 8th over - 0 runs, 1 hit, 0 errors, 0 left on base; Everett 1 - Tri-City 0
BOTTOM OF THE 8TH
Tri-City ValleyCats batting - Pitching for Everett AquaSox : RHP Raul Lopez
Batting: LHB Lu-po-teh Zhou 0-0: Ball
1-0: Ball
2-0: Ball
3-0: Base on Balls
Batting: RHB Patrick Pinault 0-0: Bunt missed!
0-1: Bunted foul
0-2: Ball
Wild Pitch!
Lu-po-teh Zhou to second
1-2: Ball
2-2: Ground out U3 (Groundball, 13, EV 82.5 MPH)
Lu-po-teh Zhou to third
Batting: RHB Jason Monico Squeeze bunt is on, Lu-po-teh Zhou is out
0-1: Ball
1-1: Foul Ball, location: 2F
1-2: Foul Ball, location: 2F
1-2: Fly out, F9 (Flyball, 89M, EV 93.1 MPH)
Bottom of the 8th over - 0 runs, 0 hits, 0 errors, 0 left on base; Everett 1 - Tri-City 0
TOP OF THE 9TH
Everett AquaSox batting - Pitching for Tri-City ValleyCats : RHP Jeremy Mash
Pitching: LHP T.J. Westover
Batting: RHB Antonio Oyola 0-0: Ball
1-0: Called Strike
1-1: Foul Ball, location: 2F
1-2: Ball
2-2: Strikes out swinging
Batting: SHB Tony Morales 0-0: Foul Ball, location: 2F
0-1: Called Strike
0-2: Ball
1-2: Ball
2-2: Foul Ball, location: 2F
2-2: Ground out 3-1 (Groundball, 34S, EV 87.5 MPH)
Batting: RHB Jung-wan Aan 0-0: Ground out 6-3 (Groundball, 6, EV 103.1 MPH)
Top of the 9th over - 0 runs, 0 hits, 0 errors, 0 left on base; Everett 1 - Tri-City 0
BOTTOM OF THE 9TH
Tri-City ValleyCats batting - Pitching for Everett AquaSox : RHP Raul Lopez
Pitching: RHP Kieran Easton
Batting: RHB Josh Broome 0-0: Ball
1-0: Called Strike
1-1: Ball
2-1: Ball
3-1: Foul Ball, location: 2F
3-2: Foul Ball, location: 2F
3-2: Base on Balls
Batting: RHB Roger Pelley 0-0: Foul Ball, location: 2F
0-1: Ball
1-1: Ball
2-1: Foul Ball, location: 2F
2-2: Strikes out swinging
Batting: LHB Lou Toth 0-0: Called Strike
0-1: Swinging Strike
0-2: Ball
1-2: Strikes out swinging
Batting: RHB Keith Goodwin 0-0: Called Strike
0-1: Called Strike
0-2: Strikes out swinging
Bottom of the 9th over - 0 runs, 0 hits, 0 errors, 1 left on base; Everett 1 - Tri-City 0
Sunday, July 16th , 2023 - OOTP Baseball 24.6 Build 69